Map: Paladino Terminal LE

Players

Musumeci - Winner!

  • Race: Zerg Zerg
  • League: Diamond
  • Spawn Location: 9:00

Rng

  • Race: Terran Terran
  • League: Diamond
  • Spawn Location: 5:00

VOD

Have the link to the VOD?

Description

Time

  • Played on: March 23, 2017, 1:46 p.m.
  • Length: 11:57
Show
View Real Time Build Order
Export as new Build Order

Musumeci Zerg - Winner!

Build Orders: Hatch First 

Get SALT Encoding   

  12  0:01  Drone  
  14  0:14  Drone  
  14  0:31  Extractor  
  14  0:33  Drone  
  15  0:41  Hatchery  
  14  0:54  Drone, Extractor  
  15  1:09  Spawning Pool  
  14  1:13  Drone, Extractor  
  14  1:16  Extractor  
  14  1:17  Drone  
  16  1:33  Overlord  
  16  1:45  Extractor  
  16  1:52  Drone x3  
  19  1:57  Queen x2  
  23  2:01  Drone  
  23  2:04  Drone  
  25  2:10  Overlord  
  25  2:21  Drone  
  25  2:33  Queen  
  25  2:34  Queen  
  29  2:56  Drone x5  
  29  2:57  Drone  
  35  3:06  Drone  
  36  3:31  Overlord  
  36  3:34  Extractor  
  36  3:35  Drone  
  36  3:36  Drone, Extractor, Roach Warren  
  36  3:37  Drone  
  36  3:50  Evolution Chamber  
  35  4:09  Evolution Chamber  
  34  4:15  Drone x10  
  44  4:38  Overlord x2  
  44  4:52  Spore Crawler  
  43  4:53  Spore Crawler  
  43  4:54  Roach  
  43  4:57  Roach x5  
  43  4:59  Hatchery  
  53  5:38  Roach  
  53  5:39  Roach x2  
  53  5:40  Overlord x4  
  60  5:57  Drone  
  60  6:00  Spore Crawler  
  60  6:01  Spore Crawler  
  60  6:02  Lair  
  60  6:03  Drone  
  60  6:04  Drone x2, Extractor  
  60  6:08  Drone x2, Extractor  
  60  6:09  Drone  
  60  6:10  Drone x3  
  64  6:46  Spore Crawler  
  63  6:50  Drone  
  63  6:51  Drone x10  
  74  6:57  Zerg Missile Weapons Level 1  
  74  6:58  Zerg Ground Armor Level 1  
  74  6:59  Overlord  
  74  7:07  Glial Reconstitution  
  74  7:09  Extractor  
  74  7:10  Extractor  
  74  7:12  Drone x2  
  74  7:16  Drone  
  74  7:17  Drone x2  
  74  7:18  Drone x3  
  74  7:20  Ravager x4  
  86  7:22  Ravager x2  
  86  7:23  Ravager  
  86  7:24  Roach  
  89  7:39  Roach x8  
  89  7:41  Overlord x2  
  105  8:16  Overlord x3  
  105  8:18  Roach x4  
  113  8:20  Ravager  
  114  8:35  Roach  
  114  8:36  Roach x11  
  138  8:49  Overlord x4  
  138  8:50  Overlord x2  
  138  8:51  Zerg Missile Weapons Level 2  
  138  8:52  Zerg Ground Armor Level 2  
  134  9:18  Drone  
  134  9:19  Drone x10  
  145  9:34  Ravager  
  145  9:35  Ravager x13  
  145  9:38  Roach x3  
  109  10:15  Roach x16  
  141  10:28  Roach x7  
  155  10:33  Infestation Pit  
  154  10:39  Extractor  
  154  10:40  Hatchery  
  152  10:47  Roach x3  
  152  10:48  Roach x6  
  152  10:49  Extractor  
  169  10:55  Drone x3  
  169  10:56  Drone x2  
  169  10:57  Drone  
  175  11:03  Ravager x5  
  175  11:04  Ravager  
Show
View Real Time Build Order
Export as new Build Order

Rng Terran 

Build Orders: Reaper Expand, Bio Tank, Hellion Banshee 

Get SALT Encoding   

  12  0:01  SCV  
  13  0:13  SCV  
  14  0:18  Supply Depot  
  14  0:25  SCV  
  15  0:30  Refinery  
  15  0:40  SCV  
  16  0:47  Barracks  
  16  0:52  SCV  
  17  1:07  SCV  
  18  1:19  SCV  
  19  1:34  Orbital Command  
  19  1:35  Reaper  
  20  1:50  Command Center  
  20  2:07  SCV  
  21  2:11  Barracks Reactor  
  21  2:15  Factory  
  21  2:19  SCV  
  21  2:22  Supply Depot  
  22  2:25  Refinery  
  22  2:31  SCV  
  23  2:44  SCV  
  24  2:56  SCV  
  25  3:02  Starport  
  25  3:06  Barracks Tech Lab  
  25  3:11  Hellion x2  
  29  3:27  Orbital Command  
  29  3:32  Hellion, Supply Depot  
  29  3:33  Hellion  
  33  3:39  SCV  
  34  3:45  Barracks Tech Lab  
  34  3:53  Banshee  
  34  3:54  Hellion x2  
  41  3:59  Cloaking Field  
  41  4:04  SCV  
  41  4:09  SCV  
  43  4:16  SCV  
  44  4:21  SCV  
  45  4:25  Marine, Stimpack  
  45  4:28  SCV  
  47  4:33  SCV  
  47  4:38  Barracks  
  48  4:40  Barracks  
  48  4:42  Factory Reactor  
  48  4:44  Banshee  
  51  4:50  SCV x2  
  53  4:57  Supply Depot  
  53  5:02  SCV  
  54  5:15  SCV  
  53  5:24  Marine  
  51  5:38  Factory Reactor  
  51  5:40  SCV x2  
  53  5:45  Command Center, Supply Depot  
  53  5:47  Engineering Bay  
  53  5:48  Engineering Bay  
  53  5:49  Marine  
  54  5:50  Marine x2  
  54  5:51  Marine  
  54  5:53  SCV x2  
  54  5:55  Refinery  
  54  5:56  Refinery  
  59  5:58  Barracks  
  59  6:01  Barracks  
  59  6:05  SCV x2  
  61  6:17  SCV  
  62  6:24  Marine x5  
  58  6:41  Marine  
  58  6:42  Starport Reactor  
  58  6:43  Barracks, Combat Shields  
  58  6:45  Marine x3  
  58  6:46  Marine  
  66  6:47  Siege Tank  
  66  6:49  SCV x2  
  68  6:55  Barracks Reactor x2  
  68  6:57  Factory, Supply Depot  
  68  6:59  Marine, Terran Infantry Weapons Level 1  
  68  7:01  Supply Depot  
  69  7:05  Terran Infantry Armor Level 1  
  69  7:11  Orbital Command  
  69  7:16  Marine x2  
  69  7:19  Medivac, Siege Tank  
  76  7:28  SCV, Supply Depot  
  77  7:31  Marine x2  
  77  7:33  Supply Depot  
  79  7:39  SCV  
  79  7:40  SCV  
  81  7:44  Factory Tech Lab  
  81  7:45  Marine x5  
  81  7:46  Marine  
  81  7:47  Medivac  
  89  7:59  Orbital Command  
  89  8:00  Siege Tank  
  89  8:04  Siege Tank  
  95  8:07  Supply Depot  
  95  8:11  Supply Depot  
  92  8:19  Marine x5  
  96  8:20  Marine x3  
  96  8:21  Medivac  
  102  8:32  Siege Tank  
  105  8:35  SCV x2  
  105  8:36  Siege Tank  
  105  8:39  Marine x4  
  105  8:40  Marine x6  
  120  8:47  Marine  
  121  8:57  Marine  
  115  9:05  Marine x2, Siege Tank  
  115  9:06  Marine x6  
  115  9:07  Medivac x2  
  115  9:08  Siege Tank  
  120  9:18  SCV x3  
  112  9:27  Armory, Marine x3  
  112  9:28  Marine x3  
  112  9:29  Marine x2  
  112  9:30  SCV x3  
  122  9:37  Sensor Tower, Siege Tank  
  125  9:41  Missile Turret  
  125  9:42  SCV  
  126  9:47  Siege Tank  
  126  9:48  Marine x4  
  133  9:54  Orbital Command, Supply Depot  
  133  9:57  SCV, Marine x2  
  133  9:58  Marine  
  120  10:14  Marine, Siege Tank  
  123  10:15  Marine x2  
  123  10:19  Supply Depot  
  123  10:20  Siege Tank  
  129  10:22  Sensor Tower  
  129  10:27  SCV  
  129  10:28  SCV x2  
  132  10:30  Marine x2  
  134  10:41  Supply Depot  
  134  10:50  Supply Depot  
  134  10:54  Supply Depot  
  134  10:57  Refinery  
  134  10:58  Refinery  
  134  10:59  Marine  
  134  11:00  Marine x7  
  134  11:01  Marine  
  134  11:03  SCV x2  
  145  11:07  Supply Depot  
  145  11:19  Marine x6  
  145  11:22  Marine  
  145  11:23  Marine x4  
  145  11:25  Siege Tank x2  
  159  11:36  Marine x2  
  159  11:37  Marine x4  
Tags
 
Add a new tag
Caveats
  • Supply blocks, unpowered buildings, or Contaminate may cause inaccurate times.
  • Supply counts are checked every 10 seconds.